 Seeded DCSS version 0.28-a0-1087-gf3fc490d9d (webtiles) character file.

Game seed: 16028976353715727109 (custom seed)

197 karrick the Covered (level 5, 33/33 HPs)
             Began as a Gargoyle Fighter on Dec 11, 2021.
             Quit the game in the Ecumenical Temple.
             The game lasted 00:05:41 (3287 turns).

karrick the Covered (Gargoyle Fighter)              Turns: 3287, Time: 00:05:41

Health: 33/33      AC: 12    Str: 20    XL:     5   Next: 75%
Magic:  5/5        EV:  9    Int:  8    God:
Gold:   147        SH:  4    Dex: 11    Spells: 4/4 levels left

rFire   . . .      SeeInvis .   a - +0 flail
rCold   . . .      Faith    .   c - +0 buckler
rNeg    + . .      Spirit   .   b - +0 scale mail
rPois   ∞          Reflect  .   (no helmet)
rElec   +          Harm     .   (no cloak)
rCorr   .          Rampage  .   (no gloves)
Will    .....                   j - +0 pair of boots
Stlth   ..........              (no amulet)
HPRegen 0.11/turn               (no ring)
MPRegen 0.09/turn               (no ring)

@: no status effects
A: sickness immunity, AC +4, negative energy resistance 1, electricity
resistance, torment resistance 1, petrification resistance
a: no special abilities


You were in the Ecumenical Temple.
You visited 2 branches of the dungeon, and saw 6 of its levels.

You collected 147 gold pieces.

Inventory:

Hand Weapons
 a - a +0 flail (weapon)
Missiles
 f - a throwing net (quivered)
Armour
 b - a +0 scale mail (worn)
 c - a +0 buckler (worn)
 j - a +0 pair of boots (worn)
Jewellery
 m - an amulet of reflection
Scrolls
 e - 3 scrolls of identify {unknown}
 g - 3 scrolls of enchant armour {unknown}
Potions
 d - 2 potions of brilliance {unknown}
 h - a potion of lignification
 i - a potion of haste {unknown}
 k - a potion of curing {unknown}
 l - a potion of flight {unknown}
 n - a potion of mutation {unknown}


   Skills:
 + Level 4.0 Fighting
 + Level 4.0 Maces & Flails
 + Level 4.3 Armour
 + Level 0.5 Dodging
 + Level 0.1 Stealth
 + Level 4.0 Shields


You had 4 spell levels left.
You didn't know any spells.
Your spell library contained the following spells:

 Spells                   Type           Power      Damage    Failure   Level
 Passwall                 Tmut/Erth      0%         N/A       87%         2
 Gell's Gravitas          Tloc           0%         N/A       98%         3
 Lesser Beckoning         Tloc           0%         N/A       98%         3
 Swiftness                Air            0%         N/A       98%         3
 Teleport Other           Tloc           0%         N/A       98%         3


Dungeon Overview and Level Annotations

Branches:
Dungeon (5/15)             Temple (1/1) D:5

Altars:
Trog

Annotations:
D:4 1 runed translucent door, Eustachio; enile's ghost, novice MiMo


Innate Abilities, Weirdness & Mutations

You are immune to sickness and miasma.
Your stone body is resilient. (AC +4)
You are immune to poison.
You resist negative energy. (rN+)
You are resistant to electric shocks. (rElec)
You are resistant to unholy torment.
You are immune to petrification.


Message History

The bat hits you. The orc closely misses you. The bat hits you.
The bat hits you but does no damage.
Eustachio mumbles some strange words.
The bat disappears in a puff of smoke!
Eustachio mumbles some strange words.
The river rat twitches its whiskers.
You see here a +0 club.
You see here a hobgoblin corpse.
There is a stone staircase leading down here.
You climb downwards.
The adder hisses angrily.
Found a silvery potion.
There is a stone staircase leading up here.
An adder is nearby!
No target in view!
No target in view!
An adder is nearby!
You hit the adder.
The adder is heavily wounded.
The adder bites you. The adder bites you but does no damage.
You are too injured to fight recklessly!
You are too injured to fight recklessly!
You are too injured to fight recklessly!
You are too injured to fight recklessly!
You are too injured to fight recklessly!
You are too injured to fight recklessly!
You sock the adder!
You kill the adder!
Your Shields skill increases to level 4!
You see here an adder corpse.
HP restored.
n - a silvery potion
Found a staircase to the Ecumenical Temple.
Found a stone staircase leading up.
There is a staircase to the Ecumenical Temple here.
You climb downwards.
Welcome to the Ecumenical Temple!
Found a bloodstained altar of Trog.
There is a staircase back to the Dungeon here.
Are you sure you want to abandon this character and quit the game? (Confirm with "yes".)

## ...##
.....#######
._.........#
....≈......#
.......@...#
####.......#
#.......#
#########


There were no monsters in sight!

Vanquished Creatures
  Blork the orc (D:3)
  A jelly (D:4)
  3 adders
  3 worms
  5 dart slugs
  An orc (D:3)
  6 ball pythons
  3 endoplasms (D:2)
  A giant cockroach (D:1)
  5 goblins
  9 hobgoblins
  2 jackals (D:4)
  3 quokkas (D:1)
  5 bats
  A frilled lizard (D:3)
  3 kobolds
  4 rats
56 creatures vanquished.

Notes
Turn   | Place    | Note
-------+----------+-------------------------------------------
     0 | D:1      | karrick the Gargoyle Fighter began the quest for the Orb.
     0 | D:1      | Reached XP level 1. HP: 14/14 MP: 1/1
   277 | D:1      | Reached XP level 2. HP: 16/19 MP: 2/2
   686 | D:1      | Found a faded altar of an unknown god.
   981 | D:2      | Reached XP level 3. HP: 24/24 MP: 3/3
  2299 | D:3      | Reached XP level 4. HP: 29/29 MP: 4/4
  2701 | D:4      | Noticed Blork the orc
  2701 | D:4      | Noticed a steam dragon
  2712 | D:3      | Killed Blork the orc
  2713 | D:3      | Reached XP level 5. HP: 22/33 MP: 5/5
  2961 | D:4      | Found a runed translucent door.
  2963 | D:4      | Noticed enile's ghost (novice MiMo)
  3047 | D:4      | Noticed an ogre
  3048 | D:4      | Noticed Eustachio
  3085 | D:5      | Entered Level 5 of the Dungeon
  3274 | D:5      | Found a staircase to the Ecumenical Temple.
  3286 | Temple   | Entered the Ecumenical Temple
  3287 | Temple   | Quit the game

Illustrated notes

Levels and vault maps discovered:
D:1:      sevenhm_arrival_forest_fort_large_4, layout_rooms,
          ebering_ecumenical_altar_rust
D:2:      layout_basic, st_stairs_11, kennysheep_small_spiral
D:3:      layout_loops_ring
D:4:      layout_rooms, ebering_ghost_inner_flame, uniq_blork_the_orc,
          uniq_eustachio
D:5:      layout_loops_cross
Temple:   regret_index_temple_waves

Skill      XL: |  1  2  3  4  5 |
---------------+----------------+-----
Maces & Flails | 3 4 |  4.0
Fighting       | 4 |  4.0
Armour         | 4 |  4.3
Shields        | 4 |  4.0
Dodging        | |  0.5
Stealth        | |  0.1

Action                   |  1- 3 |  4- 6 || total
-------------------------+-------+-------++-------
Melee: Flail             |   129 |    77 ||   206
Throw: Throwing net      |       |     1 ||     1
  Use: Potion            |       |     2 ||     2
Armor: Scale mail        |    54 |    41 ||    95
       Skin              |       |     6 ||     6
Dodge: Dodged            |    51 |    27 ||    78
Block: Buckler           |    23 |    26 ||    49

Table legend: (Time is in decaauts)
 A = Elapsed time spent in this place.
 B = Non-inter-level travel time spent in this place.
 C = Inter-level travel time spent in this place.
 D = Time resting spent in this place.
 E = Time spent auto-exploring this place.
 F = Levels seen in this place.
 G = Mean time per level.
                   A        B        C        D        E       F      G
               +--------+--------+--------+--------+--------+-----+--------+
         Total |   3342 |   3214 |    128 |      8 |   2677 |   6 |  557.0 |
       Dungeon |   3341 |   3213 |    128 |      8 |   2677 |   5 |  668.2 |
        Temple |      0 |      0 |      0 |      0 |      0 |   1 |    0.0 |
               +--------+--------+--------+--------+--------+-----+--------+

Top non-repeatable levels by time:
     D:3: 1006 daAuts
     D:1: 997 daAuts
     D:2: 975 daAuts
     D:5: 201 daAuts
     D:4: 161 daAuts
  Temple: 0 daAuts
